 Dungeon Crawl Stone Soup version 0.27.0-1-g7a089689b8 (webtiles) character file.

Game seed: 16390660301881418944

28 Sobieck the Ruffian (level 3, 29/29 HPs)
             Began as a Ghoul Gladiator on Aug 3, 2021.
             Was a Follower of Vehumet.
             Safely got out of the dungeon.
             The game lasted 00:01:47 (895 turns).

Sobieck the Ruffian (Ghoul Gladiator)                Turns: 895, Time: 00:01:47

Health: 29/29      AC:  9    Str: 17    XL:     3   Next: 12%
Magic:  2/2        EV:  7    Int:  4    God:    Vehumet [*.....]
Gold:   30         SH:  0    Dex: 10    Spells: 2/2 levels left

rFire    . . .     SeeInvis .     - Unarmed
rCold    + . .     Faith    .   (no shield)
rNeg     + + +     Spirit   .   e - +0 chain mail
rPois    ∞         Reflect  .   b - +0 helmet
rElec    .         Harm     .   (no cloak)
rCorr    .         Rampage  .   (no gloves)
Will     .....                  (no boots)
Stlth    ..........             (no amulet)
HPRegen  0.09/turn              (no ring)
MPRegen  0.08/turn              (no ring)

@: no status effects
A: claws 1, cold resistance 1, negative energy resistance 3, inhibited
regeneration, torment resistance 2
a: Renounce Religion


You escaped.
You worshipped Vehumet.
Vehumet was aware of your devotion.
You visited 1 branch of the dungeon, and saw 1 of its levels.

You collected 30 gold pieces.


Innate Abilities, Weirdness & Mutations

You thrive by killing the living.
You are immune to poison.
You have sharp fingernails.
Your flesh is cold resistant. (rC+)
You are immune to negative energy. (rN+++)
You do not regenerate when monsters are visible.
You are immune to unholy pain and torment.


   Skills:
 - Level 2.1 Fighting
 - Level 1.7 Throwing
 - Level 2.6 Dodging
 + Level 4.6 Unarmed Combat


You had 2 spell levels left.
You didn't know any spells.
Your spell library was empty.

Inventory:

Missiles
 c - 3 throwing nets (quivered) {=f!fthrowing}
 d - 22 bolts
 f - 2 stones {throwing}
 h - 18 arrows
Armour
 a - a +0 leather armour
 b - a +0 helmet (worn)
 e - a +0 chain mail (worn)
   (You found it on level 1 of the Dungeon)
Scrolls
 i - 2 scrolls of identify {unknown}
Potions
 g - a potion of lignification {unknown}

Dungeon Overview and Level Annotations

Branches:
Dungeon (1/15)

Altars:
Vehumet

#.#.# #.# ##.##### .
######..###.# ..
.........#..# ...
...........##....
#####...........###
####...####.....####..
###.........###'###.....
#......@......'.+......⌠
###.........###+###.....
####...#### ####.. #####
###


There were no monsters in sight!


Message History

The goblin barely misses you.
You claw the goblin!
You kill the goblin!
No target in view!
No target in view!
A bat comes into view.
You see here a +0 dagger {short}.
Danger!
The bat hits you but does no damage. The bat hits you.
You completely miss the bat. The bat hits you but does no damage. x2
You miss the bat. The bat closely misses you.
No target in view!
No target in view!
The bat hits you but does no damage. x2
Danger!
You barely miss the bat. The bat hits you but does no damage.
You scratch the bat.
You kill the bat!
No target in view!
Things that are here:
a +0 dagger {short}; a bat corpse A goblin comes into view.
It is wielding a +0 dagger.
The goblin shouts!
Danger!
A ball python comes into view.
The ball python hisses angrily.
The goblin barely misses you.
You closely miss the goblin. The goblin barely misses you.
You scratch the goblin.
You kill the goblin!
A dart slug comes into view.
The ball python bites you but does no damage.
The ball python grabs you. The ball python constricts you.
You claw the ball python!
You kill the ball python!
The dart slug launches a dart at you.
The slug dart hits you but does no damage.
A hobgoblin comes into view.
The hobgoblin shouts!
The dart slug launches a dart at you. The slug dart hits you.
You see here a +0 dagger {short}.
You claw the dart slug! The dart slug launches a dart at you.
The slug dart misses you.
You scratch the dart slug. You claw the dart slug!
You kill the dart slug!
You have reached level 3!
Your experience leads to an increase in your attributes!
Increase (S)trength, (I)ntelligence, or (D)exterity?
You feel clever.
You closely miss the hobgoblin.
The hobgoblin hits you but does no damage.
You scratch the hobgoblin but do no damage.
The hobgoblin hits you but does no damage.
You scratch the hobgoblin.
You kill the hobgoblin!
You feel better.
No target in view!
No target in view!
Found a stone staircase leading down.
Unknown command.
i - 2 scrolls labelled PIPOMI NAUKIUTZ (gained 1)
A kobold comes into view. It is wielding a +0 short sword.
The kobold shouts!
Danger!
The kobold hits you but does no damage.
You barely miss the kobold. The kobold barely misses you.
You closely miss the kobold. The kobold hits you but does no damage.
You barely miss the kobold. You barely miss the kobold.
The kobold hits you but does no damage.
You closely miss the kobold. The kobold barely misses you.
You claw the kobold!
You kill the kobold!
No target in view!
No target in view!
Things that are here:
a +0 short sword {short}; a kobold corpse
Found a faded altar of an unknown god.
Unknown command.
There is a faded altar of an unknown god here.
You cannot tell which god this altar belongs to.
Convert to them anyway?
Okay, then.
You cannot tell which god this altar belongs to.
Convert to them anyway?
Vehumet accepts your prayer! Vehumet welcomes you!
You can now gain magical power from killing.
Vehumet offers you knowledge of Freeze.
Okay, then.
Things that are here:
a +0 short sword {short}; a kobold corpse You see here a +0 whip {mace}.
There is an open door here.
There is an open door here.
There is a staircase leading out of the dungeon here.
You can't go down here!
Are you sure you want to leave the Dungeon?
This will make you lose the game!
You have escaped!

Skill      XL: |  1  2 |
---------------+-------+-----
Unarmed Combat | 4 |  4.6
Fighting       | |  2.1
Throwing       | |  1.7
Dodging        | |  2.6

Action                   || total
-------------------------++-------
Melee: Unarmed           ||    60
       Punch             ||     1
Armor: Leather armour    ||     4
       Chain mail        ||    25
Dodge: Dodged            ||    20

Levels and vault maps discovered:
D:1:      elethiomel_arrival_infinity_welcomes_careful_drivers,
          layout_loops_ring, ebering_ecumenical_altar_abandoned

Notes
Turn   | Place    | Note
-------+----------+-------------------------------------------
     0 | D:1      | Sobieck the Ghoul Gladiator began the quest for the Orb.
     0 | D:1      | Reached XP level 1. HP: 17/17 MP: 0/0
   217 | D:1      | Reached XP level 2. HP: 9/24 MP: 1/1
   446 | D:1      | Reached skill level 4 in Unarmed Combat
   748 | D:1      | Reached XP level 3. HP: 26/29 MP: 2/2
   820 | D:1      | Found a faded altar of an unknown god.
   827 | D:1      | Became a worshipper of Vehumet
   827 | D:1      | Reached * piety under Vehumet
   827 | D:1      | Offered knowledge of Freeze by Vehumet.
   895 | D:$      | Safely got out of the dungeon.

Vanquished Creatures
  A dart slug (D:1)
  3 endoplasms (D:1)
  2 giant cockroaches (D:1)
  2 goblins (D:1)
  5 hobgoblins (D:1)
  2 kobolds (D:1)
  3 ball pythons (D:1)
  3 bats (D:1)
  2 rats (D:1)
23 creatures vanquished.

Table legend:
 A = Non-vault XP
 B = Vault XP
 C = Vault XP percentage of total XP
 D = Non-vault monster count
 E = Vault monster count
 F = Vault count percentage of total count
                 A         B        C        D         E       F
            +---------+---------+-------+---------+---------+-------
      Total |      40 |       0 |   0.0 |      23 |       0 |   0.0
            +---------+---------+-------+---------+---------+-------
        D:1 |      40 |       0 |   0.0 |      23 |       0 |   0.0
            +---------+---------+-------+---------+---------+-------

Illustrated notes

Table legend:
 A = Kills in this place as a percentage of kills in entire the game.
 B = Kills by you in this place as a percentage of kills by you in the entire game.
 C = Kills by friends in this place as a percentage of kills by friends in the entire game.
 D = Other kills in this place as a percentage of other kills in the entire game.
 E = Experience gained in this place as a percentage of experience gained in the entire game.
 F = Experience gained in this place divided by the number of levels of this place that you have seen.
                   A       B       C       D       E      F
               +-------+-------+-------+-------+-------+----------------------
         Total | 100.0 | 100.0 |   N/A |   N/A | 100.0 |  40.0
       Dungeon | 100.0 | 100.0 |   N/A |   N/A | 100.0 |  40.0
               +-------+-------+-------+-------+-------+----------------------

Table legend: (Time is in decaauts)
 A = Elapsed time spent in this place.
 B = Non-inter-level travel time spent in this place.
 C = Inter-level travel time spent in this place.
 D = Time resting spent in this place.
 E = Time spent auto-exploring this place.
 F = Levels seen in this place.
 G = Mean time per level.
                   A        B        C        D        E       F      G
               +--------+--------+--------+--------+--------+-----+--------+
         Total |    889 |    823 |     66 |    275 |    387 |   1 |  889.0 |
       Dungeon |    889 |    823 |     66 |    275 |    387 |   1 |  889.0 |
               +--------+--------+--------+--------+--------+-----+--------+

Top non-repeatable levels by time:
     D:1: 889 daAuts
